 Dungeon Crawl Stone Soup version 0.28.0-43-g3370ac3207 (webtiles) character file.

Game seed: 16765937121380038796

130 Peloso the Covered (level 4, -2/41 HPs)
             Began as a Minotaur Fighter on Mar 21, 2022.
             Killed by nerve-wracking pain
             ... invoked by Jessica
              (13 damage)
             ... on level 3 of the Dungeon.
             The game lasted 00:03:05 (2332 turns).

Peloso the Covered (Minotaur Fighter)               Turns: 2332, Time: 00:03:06

Health: -2/41      AC: 13    Str: 21    XL:     4   Next: 90%
Magic:  0/3        EV:  6    Int:  5    God:
Gold:   119        SH:  4    Dex: 11    Spells: 3/3 levels left

rFire   . . .      SeeInvis .   a - +0 long sword
rCold   . . .      Faith    .   c - +0 buckler
rNeg    . . .      Spirit   .   j - +0 plate armour
rPois   .          Reflect  .   (helmet restricted)
rElec   .          Harm     .   f - +0 cloak
rCorr   .          Rampage  .   (no gloves)
Will    .....                   (no boots)
Stlth   ..........              (no amulet)
HPRegen 0.13/turn               (no ring)
MPRegen 0.08/turn               (no ring)

@: slowed, very slow
A: horns 2, retaliatory headbutt
a: no special abilities


You were on level 3 of the Dungeon.
You visited 1 branch of the dungeon, and saw 3 of its levels.

You collected 119 gold pieces.

Inventory:

Hand Weapons
 a - a +0 long sword (weapon)
Armour
 b - a +0 scale mail
 c - a +0 buckler (worn)
 f - a +0 cloak (worn)
 j - a +0 plate armour (worn)
Scrolls
 g - a scroll of identify
 h - a scroll of silence {unknown}
 i - 2 scrolls of immolation {unknown}
 l - a scroll of torment {unknown}
Potions
 d - a potion of might
 e - a potion of lignification {unknown}
 k - a potion of flight {unknown}
 m - a potion of curing {unknown}


   Skills:
 + Level 4.3 Fighting
 + Level 4.3 Long Blades
 + Level 4.6 Armour
 + Level 0.3 Dodging
 + Level 0.4 Stealth
 + Level 4.1 Shields


You had 3 spell levels left.
You didn't know any spells.
Your spell library contained the following spells:

 Spells                   Type           Power      Damage    Failure   Level
 Beastly Appendage        Tmut           0%         N/A       100%        1
 Wereblood                Tmut           0%         N/A       100%        2
 Frozen Ramparts          Ice            0%         1d2       100%        3
 Spider Form              Tmut/Pois      0%         N/A       100%        3
 Summon Guardian Golem    Hex/Summ       0%         N/A       100%        3
 Ice Form                 Ice/Tmut       0%         N/A       100%        4
 Summon Ice Beast         Ice/Summ       0%         N/A       100%        4
 Orb of Destruction       Conj           0%         9d5       100%        7
 Spellforged Servitor     Conj/Summ      0%         N/A       100%        7


Dungeon Overview and Level Annotations

Branches:
Dungeon (3/15)

Altars:

Shops:
D:2 (

Annotations:
D:3 Jessica


Innate Abilities, Weirdness & Mutations

You have a pair of horns on your head.
You reflexively headbutt those who attack you in melee.


Message History

You see here a bat corpse.
You see here a rat corpse.
A ball python comes into view.
Found 27 stones.
Found an escape hatch in the floor.
The ball python hisses angrily.
A ball python is nearby!
A ball python is nearby!
You hit the ball python.
You kill the ball python!
Found a runed arbalest.
You see here 27 stones.
m - a green potion An adder comes into view.
The adder hisses angrily.
You miss the adder.
The adder bites you but does no damage. x2
You hit the adder.
The adder is moderately wounded.
The adder bites you but does no damage. x2
You slash the adder!
You kill the adder!
You see here an adder corpse.
Jessica the Apprentice Sorceress comes into view.
She is wielding a +1 antimagic dagger.
Jessica shouts!
Jessica points at you and mumbles some strange words.
You feel yourself slow down.
Jessica is nearby!
Jessica is nearby!
Jessica casts a spell at you. Pain shoots through your body!
Jessica casts a spell at you. Pain shoots through your body!
Okay, then.
Jessica hits you with a +1 antimagic dagger.
* * * LOW HITPOINT WARNING * * *
You feel your power leaking away.
Unknown command.
You barely miss Jessica. You block Jessica's attack.
Jessica points at you and mumbles some strange words.
Pain shoots through your body!
You die...

#†# #.# ######.#
####...##.#######
.......##.......#
#...#...####.#
#........##
#............
#.#@##..####.# #
#@##..# #.##....
..##+#### ###


You could see Jessica.

Vanquished Creatures
  A howler monkey (D:3)
  4 adders
  A worm (D:2)
  A dart slug (D:2)
  An orc (D:3)
  4 ball pythons
  6 bats
  2 endoplasms (D:3)
  A giant cockroach (D:1)
  6 goblins
  4 hobgoblins
  3 jackals (D:1)
  7 kobolds
  2 quokkas
  2 frilled lizards
  6 rats
51 creatures vanquished.

Notes
Turn   | Place    | Note
-------+----------+-------------------------------------------
     0 | D:1      | Peloso the Minotaur Fighter began the quest for the Orb.
     0 | D:1      | Reached XP level 1. HP: 19/19 MP: 0/0
   207 | D:1      | Reached XP level 2. HP: 27/27 MP: 1/1
   415 | D:1      | Found a faded altar of an unknown god.
   918 | D:2      | Reached XP level 3. HP: 33/33 MP: 2/2
  1045 | D:2      | Found Wicvo's Weapon Shoppe.
  1833 | D:3      | Reached XP level 4. HP: 35/41 MP: 3/3
  2328 | D:3      | Noticed Jessica
  2332 | D:3      | Killed from afar by Jessica

Illustrated notes

Levels and vault maps discovered:
D:1:      minmay_arrival_jagged, layout_basic, shapermc_ecumenical_altar_ellora,
          minmay_tromino_v4_a
D:2:      layout_basic, serial_shops, nicolae_shop_advertising_works
          [nicolae_subvault_shop_adworks], serial_bayou_pond_e,
          nicolae_figureground_sparkle
D:3:      minmay_diamond_boxcup, layout_loops_corners,
          kennysheep_generic_room_12, uniq_jessica

Skill      XL: |  1  2  3 |
---------------+----------+-----
Long Blades    | 3 4 |  4.3
Armour         | 4 |  4.6
Fighting       | 4 |  4.3
Shields        | 4 |  4.1
Dodging        | |  0.3
Stealth        | |  0.4

Action                   |  1- 3 |  4- 6 || total
-------------------------+-------+-------++-------
Melee: Long sword        |    75 |    43 ||   118
       Headbutt          |     9 |     3 ||    12
  Use: Scroll            |     1 |       ||     1
Armor: Scale mail        |    34 |       ||    34
       Plate armour      |    15 |    33 ||    48
Dodge: Dodged            |    54 |    14 ||    68
Block: Buckler           |    19 |     9 ||    28
